 Dungeon Crawl Stone Soup version 0.14-a0-1707-g75daffb (webtiles) character file.

234 Piginabag the Insei (level 3, -4/29 HPs)
             Began as a Demonspawn Monk on Jan 1, 2014.
             Slain by an ogre
             ... wielding a +0,+0 giant club
              (16 damage)
             ... on Level 4 of the Dungeon.
             The game lasted 00:03:56 (2298 turns).

Piginabag the Insei (Demonspawn Monk)               Turns: 2298, Time: 00:03:56

HP  -4/29        AC  4     Str 12      XL: 3   Next: 85%
MP   3/3         EV 12     Int 11      God:
Gold 172         SH  0     Dex 15      Spells:  0 memorised,  2 levels left

rFire  . . .     SeeInvis .     f - +1,+4 whip
rCold  . . .     Clarity  .     p - +0 leather armour
rNeg   . . .     Conserve .     (no shield)
rPois  .         rCorr    .     (helmet restricted)
rElec  .         rRot     .     (no cloak)
SustAb . .       Spirit   .     (no gloves)
rMut   .         Warding  .     m - +0 pair of boots
Saprov . . .     Stasis   .     (no amulet)
                                (no ring)
                                (no ring)

@: not resistant to hostile enchantments, fairly stealthy
A: horns 1
a: no special abilities


You were on level 4 of the Dungeon.
You were hungry.

You visited 1 branch of the dungeon, and saw 4 of its levels.

You collected 172 gold pieces.

Inventory:

Hand weapons
 d - a +0,+0 whip
 f - a +1,+4 whip (weapon)
Armour
 m - a +0 pair of boots (worn)
 p - a +0 leather armour (worn)
Magical devices
 k - a wand of digging (8) {unknown}
 y - a wand of lightning (7) {unknown}
Comestibles
 b - 2 bread rations
 v - a rotting chunk of rat flesh
 z - a pear
Scrolls
 a - a scroll of enchant weapon II {unknown}
 c - a scroll of fear {unknown}
 i - a scroll of amnesia {unknown}
 l - 2 scrolls of immolation {unknown}
 o - a scroll of teleportation {unknown}
 u - a scroll of curse jewellery {unknown}
 x - 2 scrolls of remove curse {unknown}
Jewellery
 n - an uncursed ring of flight {unknown}
Potions
 e - a potion of magic {unknown}
 g - a potion of paralysis {unknown}
 h - 3 potions of heal wounds {unknown}
 j - a potion of curing {unknown}
 q - a potion of mutation {unknown}
 w - a potion of speed {unknown}
Books
 r - a Grand Grimoire {highlevel}

   This book is beyond your current level of understanding.

   Spells                             Type                      Level
   Demonic Horde                      Summoning                    6
   Mass Abjuration                    Summoning                    6
   Haunt                              Necromancy/Summoning         7
   Summon Greater Demon               Summoning                    7
   Malign Gateway                     Summoning/Translocation      7
   Summon Horrible Things             Summoning                    8
 s - a book of Enchantments

   Spells                             Type                      Level
   Cause Fear                         Hexes                        4
   Silence                            Hexes/Air                    5
   Tukima's Dance                     Hexes                        5
   Deflect Missiles                   Charms/Air                   6
   Haste                              Charms                       6
   Discord                            Hexes                        8


   Skills:
 + Level 3.2 Fighting
 + Level 0.1 Maces & Flails
 + Level 0.5 Armour
 + Level 3.1 Dodging
 + Level 2.1 Stealth
 + Level 4.3 Unarmed Combat


You had 2 spell levels left.
You didn't know any spells.

Dungeon Overview and Level Annotations

Branches:
Dungeon (4/16)
 Temple: D:4-7

Altars:

Annotations:
D:3 Piginabag's ghost, average DsMo


Innate Abilities, Weirdness & Mutations

You have a pair of small horns on your head.


Message History

A giant gecko skeleton is nearby!
Found 12 gold pieces.
You whack the giant gecko skeleton! You headbutt the giant gecko skeleton.
You destroy the giant gecko skeleton!
An ogre comes into view. It is wielding a giant club.
There is a stone staircase leading up here.
You hit the ogre. You headbutt the ogre.
The ogre is lightly wounded.
The ogre hits you with a giant club!
Ouch! That really hurt!
You hit the ogre.
The ogre is moderately wounded.
The ogre barely misses you.
You barely miss the ogre.
The ogre is moderately wounded.
You hit the ogre.
The ogre is moderately wounded.
The ogre hits you with a giant club!
Ouch! That really hurt!
You die...

## $ ###. ##.
##.#.#.....
##.#..#.....
##...#.......
##.............
#..............
#@.............
#O.............
#<............
#.............
##............
##.....#....
##...#....
##.#.##. ###.


You could see an ogre.

Vanquished Creatures
  Ijyb (D:3)
  An inept item mimic (D:2)
  6 bats
  3 goblins
  7 hobgoblins
  A giant gecko skeleton (D:4)
  3 giant newts
  2 jackals (D:3)
  6 kobolds (D:1)
  8 rats
38 creatures vanquished.

Notes
Turn   | Place    | Note
--------------------------------------------------------------
     0 | D:1      | Piginabag, the Demonspawn Monk, began the quest for the Orb.
     0 | D:1      | Reached XP level 1. HP: 18/18 MP: 1/1
   368 | D:1      | Gained mutation: You have a pair of small horns on your head. [demonic ancestry]
   368 | D:1      | Reached XP level 2. HP: 24/24 MP: 2/2
   897 | D:1      | Reached skill level 4 in Unarmed Combat
  1180 | D:2      | Reached XP level 3. HP: 24/29 MP: 3/3
  1821 | D:3      | Noticed Ijyb
  1834 | D:3      | Killed Ijyb
  2181 | D:3      | Noticed Piginabag's ghost (average DsMo)
  2288 | D:4      | Noticed an ogre
  2298 | D:4      | Slain by an ogre

Action                   || total
-------------------------++-------
Melee: Whip              ||    89
       Unarmed           ||     1
 Stab: Sleeping          ||     3
       Distracted        ||     1
